 Dungeon Crawl Stone Soup version 0.30.1-9-gdf580d7c3d (webtiles) character file.

Game seed: 14378531426602713704

93 KittyFluff the Chopper (level 4, -2/40 HPs)
             Began as a Minotaur Berserker on Oct 13, 2023.
             Was a Believer of Trog.
             Slain by a kobold
             ... wielding a +3 whip of electrocution
              (10 damage)
             ... on level 3 of the Dungeon.
             The game lasted 00:05:43 (1397 turns).

KittyFluff the Chopper (Minotaur Berserker)         Turns: 1397, Time: 00:05:44

Health: -2/40      AC:  4    Str: 34    XL:     4   Next: 37%
Magic:  3/3        EV: 12    Int:  4    God:    Trog [**....]
Gold:   110        SH:  0    Dex: 11    Spells: 3/3 levels left

rFire   . . .        a - +0 hand axe
rCold   . . .        (no shield)
rNeg    . . .        t - +0 leather armour
rPois   .            (helmet restricted)
rElec   .            (no cloak)
rCorr   .            c - +0 pair of gloves
SInv    .            (no boots)
Will    .....        (no amulet)
Stlth   +            k - +6 ring of strength
HPRegen 0.26/turn    n - +6 ring of strength
MPRegen 0.08/turn

%: no passive effects
@: no status effects
A: horns 2, retaliatory headbutt
a: Renounce Religion, Berserk, Trog's Hand


You were on level 3 of the Dungeon.
You worshipped Trog.
Trog was pleased with you.
You visited 1 branch of the dungeon, and saw 3 of its levels.

You collected 110 gold pieces.

Inventory:

Hand Weapons
 a - a +0 hand axe (weapon)
 j - a +0 sling
Armour
 c - a +0 pair of gloves (worn)
 t - a +0 leather armour (worn)
Jewellery
 f - a +6 ring of intelligence
 k - a +6 ring of strength (left hand)
 n - a +6 ring of strength (right hand)
 q - an amulet of faith
 u - a ring of poison resistance
Scrolls
 b - a scroll of enchant armour {unknown}
 d - 2 scrolls of identify {unknown}
 e - a scroll of enchant weapon {unknown}
 g - a scroll of magic mapping {unknown}
 i - a scroll of poison {unknown}
 r - 2 scrolls of teleportation {unknown}
Potions
 h - 3 potions of attraction {unknown}
 l - a potion of haste {unknown}
 m - a potion of ambrosia {unknown}
 o - 2 potions of curing {unknown}
 p - a potion of flight {unknown}
 s - a potion of resistance {unknown}


   Skills:
 + Level 4.1 Fighting
 + Level 4.2(4.4) Axes
 + Level 1.9(3.3) Maces & Flails
 * Level 3.8 Armour
 + Level 2.8 Dodging


You had 3 spell levels left.
You didn't know any spells.
Your spell library was empty.

Dungeon Overview and Level Annotations

Branches:
Dungeon (3/15)

Altars:


Innate Abilities, Weirdness & Mutations

You have a pair of horns on your head.
You reflexively headbutt those who attack you in melee.


Message History

You kill the gnoll!
Trog accepts your kill. The gnoll completely misses you.
The gnoll hits you but does no damage.
Things that are here:
a +0 whip; a +0 club; a gnoll corpse You hit the gnoll.
You headbutt the gnoll!
You kill the gnoll!
Trog accepts your kill. The dart slug bites you.
You see here a +0 halberd.
You hit the dart slug but do no damage. The dart slug launches a dart at you.
The slug dart misses you.
You slash the dart slug! You headbutt the dart slug.
You kill the dart slug!
Trog accepts your kill.
You start resting.
HP restored.
You see here a dart slug corpse.
A kobold comes into view.
It is wielding a +3 whip of electrocution.
The kobold shouts!
You hear an angry hiss.
A frilled lizard comes into view.
Found 9 gold pieces.
The frilled lizard hisses angrily.
An adder comes into view.
The kobold hits you with a +3 whip of electrocution.
You closely miss the kobold.
You headbutt the kobold, but do no damage.
The kobold hits you with a +3 whip of electrocution.
You closely miss the kobold.
The kobold hits you with a +3 whip of electrocution.
You are electrocuted!
* * * LOW HITPOINT WARNING * * *
You hit the kobold.
The kobold is heavily wounded.
The kobold hits you with a +3 whip of electrocution.
* * * LOW HITPOINT WARNING * * *
You are electrocuted!
You die...

#.$......# ##
#........##..
#...........
#.........#
#....Sl..###.
#............
#....K.......
#####++####....@.......
#......................
#......................
#......................
#......................
#....†....#####........
##..........))†........
#.........####.........
#.........# ######...#


You could see an adder, a kobold and a frilled lizard.

Vanquished Creatures
  3 gnolls (D:3)
  An adder (D:3)
  A worm (D:2)
  6 dart slugs
  3 ball pythons
  4 bats
  4 endoplasms
  2 giant cockroaches
  4 goblins
  3 hobgoblins
  2 kobolds
  3 frilled lizards
  4 rats
40 creatures vanquished.

Notes
Turn   | Place    | Note
-------+----------+-------------------------------------------
     0 | D:1      | KittyFluff the Minotaur Berserker began the quest for the
                  | Orb.
     0 | D:1      | Reached XP level 1. HP: 19/19 MP: 0/0
   173 | D:1      | Reached XP level 2. HP: 20/27 MP: 1/1
   455 | D:1      | Found a faded altar of an unknown god.
   502 | D:1      | Reached skill level 1 in Maces & Flails
   800 | D:2      | Reached XP level 3. HP: 33/33 MP: 2/2
   942 | D:2      | Reached ** piety under Trog
  1345 | D:3      | Reached XP level 4. HP: 30/40 MP: 3/3
  1397 | D:3      | Slain by a kobold

Illustrated notes

Levels and vault maps discovered:
D:1:      dpeg_arrival_signposts, layout_basic, ebering_ecumenical_altar_mist
D:2:      minmay_chambers_of_ones, layout_basic
D:3:      layout_rooms, gammafunk_ghost_necromancy, kennysheep_generic_room_4,
          uniq_ijyb, uniq_terence

Skill      XL: |  1  2  3 |
---------------+----------+-----
Maces & Flails | 1 |  1.9
Armour         | 3 |  3.8
Axes           | 4 |  4.2
Fighting       | 4 |  4.1
Dodging        | |  2.8

Action                     |  1- 3 |  4- 6 || total
---------------------------+-------+-------++-------
  Melee: Hand axe          |    58 |     7 ||    65
         Headbutt          |    13 |     4 ||    17
 Armour: Animal skin       |     9 |       ||     9
         Leather armour    |       |     1 ||     1
  Dodge: Dodged            |    32 |     2 ||    34
